 Dungeon Crawl Stone Soup version 0.18-a0-1396-g8753ca6 (webtiles) character file.

93 Kidiri the Conjurer (level 4, -1/25 HPs)
             Began as a Deep Elf Conjurer on Feb 23, 2016.
             Slain by an orc wizard
             ... wielding a +0 dagger
              (4 damage)
             ... on level 3 of the Dungeon.
             The game lasted 00:06:40 (1919 turns).

Kidiri the Conjurer (Deep Elf Conjurer)             Turns: 1919, Time: 00:06:41

Health: -1/25      AC:  3    Str:  5    XL:     4   Next: 36%
Magic:  3/12       EV: 12    Int: 21    God:
Gold:   74         SH:  0    Dex: 15    Spells: 4 memorised, 1 level left

rFire  . . .     SeeInvis .     h - +0 short sword
rCold  . . .     Gourm    .     j - +0 leather armour
rNeg   . . .     Faith    .     (no shield)
rPois  .         Spirit   .     (no helmet)
rElec  .         Dismiss  .     (no cloak)
rCorr  .         Reflect  .     (no gloves)
SustAt .         Harm     .     (no boots)
MR     .....                    (no amulet)
Stlth  ++........               (no ring)
                                (no ring)

@: not resistant to hostile enchantments, unstealthy
A: no striking features
a: no special abilities


You were on level 3 of the Dungeon.
You were not hungry.

You visited 1 branch of the dungeon, and saw 3 of its levels.

You collected 74 gold pieces.

Inventory:

Hand Weapons
 h - a +0 short sword (weapon)
Armour
 j - a +0 leather armour (worn)
Scrolls
 a - a scroll of teleportation {unknown}
 e - a scroll of magic mapping
 i - a scroll of immolation
 n - a scroll of blinking {unknown}
 o - a scroll of fog
 p - a scroll of enchant weapon {unknown}
 r - 3 scrolls of remove curse {unknown}
Potions
 f - 2 potions of might {unknown}
 k - a potion of flight {unknown}
 q - a potion of degeneration {unknown}
Books
 b - a book of Conjurations

   Spells                             Type                      Level
   a - Magic Dart                     Conjuration                  1
   b - Searing Ray                    Conjuration                  2
   c - Dazzling Spray                 Conjuration/Hexes            3
   d - Fulminant Prism                Conjuration/Hexes            4
   e - Iskenderun's Mystic Blast      Conjuration                  4
   f - Iskenderun's Battlesphere      Conjuration/Charms           5
Comestibles
 c - 3 bread rations
 d - 3 meat rations
 l - a beef jerky
 m - a slice of pizza


   Skills:
 + Level 1.0 Fighting
 + Level 0.0 Short Blades
 + Level 1.0 Armour
 * Level 3.1 Dodging
 + Level 3.0 Stealth
 * Level 4.0 Spellcasting
 * Level 4.8 Conjurations
 + Level 0.6 Hexes


You had one spell level left.
You knew the following spells:

 Your Spells              Type           Power        Failure   Level  Hunger
a - Magic Dart            Conj           ###.         2%          1    None
b - Searing Ray           Conj           ###...       4%          2    #......
c - Dazzling Spray        Conj/Hex       ###.....     21%         3    ###....
d - Iskenderun's Mystic   Conj           ###.....     30%         4    ####...


Dungeon Overview and Level Annotations

Branches:
Dungeon (3/15)

Altars:
Kikubaaqudgha


Message History

You hear some strange, mumbled words.
A puff of flame appears from out of thin air!
The puff of flame hits you!
* * * LOW HITPOINT WARNING * * *
The searing ray hits something.
Something hits you but does no damage. Something hits you.
* * * LOW HITPOINT WARNING * * *
Drink which item? (? for menu, Esc to quit)
You feel better.
You hear some strange, mumbled words.
A magic dart appears from out of thin air!
The magic dart hits you!
* * * LOW HITPOINT WARNING * * *
Unknown command.
Casting: Searing Ray
Confirm with . or Enter, or press ? or * to list all spells.
Aiming: Magic Dart
Press: ? - help, Shift-Dir - straight line The magic dart hits something.
Something hits you.
You die...

. .. ##+## ... #...#
.... ...### .....
....#
......####.#.######
##### #))†)@.........
#.... #.#####..#####
#....###### #[.#
.........# #..#
#.......####.#
+.......+...>#
#.......####.######
#...................
#........###.########


There were no monsters in sight!

Vanquished Creatures
  3 adders (D:3)
  A worm (D:2)
  2 dart slugs
  A giant gecko (D:1)
  3 orcs (D:3)
  9 bats
  3 giant cockroaches
  5 goblins
  3 hobgoblins
  8 jackals (D:1)
  5 kobolds
  3 giant newts
  5 rats
51 creatures vanquished.

Notes
Turn   | Place    | Note
--------------------------------------------------------------
     0 | D:1      | Kidiri the Deep Elf Conjurer began the quest for the Orb.
     0 | D:1      | Reached XP level 1. HP: 10/10 MP: 6/6
   205 | D:1      | Reached XP level 2. HP: 10/15 MP: 6/8
   213 | D:1      | Learned a level 2 spell: Searing Ray
   776 | D:1      | Reached XP level 3. HP: 15/20 MP: 5/10
   835 | D:1      | Learned a level 3 spell: Dazzling Spray
  1674 | D:2      | Found an ancient bone altar of Kikubaaqudgha.
  1834 | D:3      | Reached XP level 4. HP: 24/24 MP: 7/12
  1840 | D:3      | Learned a level 4 spell: Iskenderun's Mystic Blast
  1873 | D:3      | Reached skill level 1 in Fighting
  1885 | D:3      | Reached skill level 1 in Armour
  1919 | D:3      | Slain by an orc wizard

Vault maps used:
D:1:      mrwooster_arrival_statue
D:2:      lemuel_round_altar
D:3:      grunt_temple_overflow_order_and_chaos_2, grunt_temple_overflow_open,
          lemuel_coloured_pillars_altar, lemuel_statue_altar

Skill      XL: |  1  2  3  4 |
---------------+-------------+-----
Spellcasting   | 4 |  4.0
Dodging        | 3 |  3.1
Fighting       | 1 |  1.0
Stealth        | 3 |  3.0
Armour         | 1 |  1.0
Conjurations   | |  4.8
Hexes          | |  0.6

Action                   |  1- 3 |  4- 6 || total
-------------------------+-------+-------++-------
Melee: Short sword       |    10 |     5 ||    15
       Dagger            |     3 |       ||     3
 Cast: Magic Dart        |    71 |     8 ||    79
       Searing Ray       |     1 |     1 ||     2
       Dazzling Spray    |       |     1 ||     1
  Use: Scroll            |     4 |       ||     4
       Potion            |       |     1 ||     1
 Stab: Sleeping          |     4 |       ||     4
  Eat: Chunk             |     3 |       ||     3
